 Dungeon Crawl Stone Soup version 0.21-a0-476-gd103f4b (console) character file.

84 hexaflexagon the Cudgeler (level 4, -4/35 HPs)
             Began as a Formicid Monk on Nov 22, 2017.
             Slain by an orc
             ... wielding a +0 hand axe
              (6 damage)
             ... on level 3 of the Dungeon.
             The game lasted 00:03:32 (1419 turns).

hexaflexagon the Cudgeler (Formicid Monk)           Turns: 1419, Time: 00:03:32

Health: -4/35      AC:  5    Str: 17    XL:     4   Next: 72%
Magic:  4/4        EV: 11    Int:  9    God:
Gold:   80         SH:  0    Dex: 13    Spells: 3/3 levels left

rFire    . . .     SeeInvis +   a - +1 flail (crush)
rCold    . . .     Gourm    .   (no shield)
rNeg     . . .     Faith    .   g - +0 ring mail
rPois    .         Spirit   .   (helmet unavailable)
rElec    .         Reflect  .   (no cloak)
rCorr    .         Harm     .   (no gloves)
MR       .....                  (no boots)
Stlth    +.........             (no amulet)
HPRegen  0.11/turn              k - ring of wizardry
MPRegen  0.09/turn              (no ring)

@: lethally poisoned (-4 -> -31)
A: permanent stasis, dig shafts and tunnels, four strong arms, antennae 3
a: Dig, Shaft Self


You were on level 3 of the Dungeon.
You were not hungry.

You visited 1 branch of the dungeon, and saw 3 of its levels.

You collected 80 gold pieces.

Inventory:

Hand Weapons
 a - a +1 flail of crushing (weapon)
Missiles
 m - a throwing net (quivered)
Armour
 g - a +0 ring mail (worn)
Jewellery
 k - a ring of wizardry (left hand)
Scrolls
 d - 3 scrolls of noise {unknown}
 e - a scroll of fear {unknown}
 f - a scroll of random uselessness {unknown}
 i - a scroll of amnesia {unknown}
 l - 4 scrolls of identify {unknown}
 o - a scroll of enchant armour {unknown}
Potions
 b - a potion of resistance {unknown}
 h - a potion of magic {unknown}
 j - a potion of heal wounds {unknown}
 n - a potion of curing {unknown}
Comestibles
 c - 3 bread rations
 p - 2 royal jellies
 q - a meat ration
 r - 3 fruits


   Skills:
 - Level 3.2 Fighting
 + Level 5.1 Maces & Flails
 - Level 2.6 Dodging
 - Level 2.4 Stealth


You had 3 spell levels left.
You didn't know any spells.

Dungeon Overview and Level Annotations

Branches:
Dungeon (3/15)

Altars:
Gozag
Yredelemnul

Shops:
D:2 *


Innate Abilities, Weirdness & Mutations

You cannot be hasted, slowed, berserked, paralysed or teleported.
You can dig through walls and to a lower floor.
Your four strong arms can wield two-handed weapons with a shield.
You have a pair of large antennae on your head. (SInv)


Message History

You feel sick. The orc hits you but does no damage. x2
You are more poisoned.
You hit the orc priest.
The orc priest is heavily wounded.
You feel sick.
The orc priest invokes the aid of Beogh against you.
Beogh smites you!
* * * LOW HITPOINT WARNING * * *
The orc hits you but does no damage.
You are more poisoned.
The orc hits you with a hand axe.
* * * LOW HITPOINT WARNING * * *
The orc priest casts a cantrip, but nothing happens.
You closely miss the orc priest.
The orc priest is heavily wounded.
* * * LOW HITPOINT WARNING * * *
You feel sick. The orc hits you but does no damage.
You are more poisoned.
The orc hits you with a hand axe.
You die...

...)...#.#
#...............#.#
#........###....#.#
#...............#.#
#......(.#####....#
#.................#
#.........####....#
#....o....##...####
#...o@....+....#
#...o).#.##....#
###............#
#####........#
#..#.#.#.#
#..#...#.#
#..#####.# #... ..
#.##


You could see an orc priest and 2 orcs.

Vanquished Creatures
  Jessica (D:2)
  2 adders (D:2)
  3 dart slugs
  A giant cockroach (D:1)
  4 goblins
  3 hobgoblins
  A quokka (D:2)
  8 bats
  2 frilled lizards (D:1)
  5 kobolds
  6 rats
36 creatures vanquished.

Notes
Turn   | Place    | Note
-------+----------+-------------------------------------------
     0 | D:1      | hexaflexagon the Formicid Monk began the quest for the Orb.
     0 | D:1      | Reached XP level 1. HP: 18/18 MP: 1/1
    75 | D:1      | Reached XP level 2. HP: 23/24 MP: 2/2
   447 | D:1      | Reached skill level 4 in Maces & Flails
   447 | D:1      | Reached XP level 3. HP: 27/29 MP: 3/3
   683 | D:2      | Noticed Jessica
   725 | D:2      | Killed Jessica
   725 | D:2      | Reached XP level 4. HP: 32/35 MP: 4/4
   752 | D:2      | Found Gozag's Platinum Reserve.
   752 | D:2      | Found an opulent altar of Gozag.
   952 | D:2      | Found a basalt altar of Yredelemnul.
  1017 | D:2      | Reached skill level 5 in Maces & Flails
  1419 | D:3      | Slain by an orc

Vault maps used:
D:1:      ncdulo_halloftheorcs, minmay_ruptured
D:2:      lemuel_doored_altar, nicolae_gozag_zags_fifth_avenue, uniq_jessica
D:3:      first_bread, uniq_crazy_yiuf_cottage

Skill      XL: |  1  2  3  4 |
---------------+-------------+-----
Maces & Flails | 4 5 |  5.1
Fighting       | |  3.2
Dodging        | |  2.6
Stealth        | |  2.4

Action                   |  1- 3 |  4- 6 || total
-------------------------+-------+-------++-------
Melee: Mace              |    82 |    19 ||   101
       Flail             |       |    17 ||    17
 Abil: Dig               |     1 |       ||     1
 Stab: Sleeping          |     3 |       ||     3
  Eat: Chunk             |       |     2 ||     2
Armor: Robe              |    18 |       ||    18
       Ring mail         |    24 |    15 ||    39
Dodge: Dodged            |    72 |    27 ||    99

Table legend:
 A = Spawn XP
 B = Non-spawn XP
 C = Spawn XP percentage of total XP
 D = Spawn monster count
 E = Non-spawn monster count
 F = Spawn count percentage of total count
 G = Total turns spent on level
                    A         B        C        D         E        F      G
               +---------+---------+-------+---------+---------+-------+---------
         Total |       0 |     120 |   0.0 |       0 |      36 |   0.0 |  1419
               +---------+---------+-------+---------+---------+-------+---------
           D:1 |       0 |      39 |   0.0 |       0 |      22 |   0.0 |   627
           D:2 |       0 |      81 |   0.0 |       0 |      14 |   0.0 |   679
               +---------+---------+-------+---------+---------+-------+---------
